 Dungeon Crawl Stone Soup version 0.31-a0-940-gdaa99269f9 (webtiles) character file.

Game seed: 14008669149489997268

207 Barriton the Slasher (level 5, 0/69 HPs)
             Began as a Draconian Berserker on Oct 20, 2023.
             Was a Believer of Trog.
             Killed by divine providence
             ... invoked by an orc priest
              (8 damage)
             ... on level 3 of the Dungeon.
             The game lasted 00:03:45 (1558 turns).

Barriton the Slasher (Draconian Berserker)          Turns: 1558, Time: 00:03:46

Health: 0/69       AC:  6    Str: 19    XL:     5   Next: 54%
Magic:  5/5        EV: 13    Int:  7    God:    Trog [**....]
Gold:   72         SH:  0    Dex: 13    Spells: 4/4 levels left

rFire   . . .        a - +0 falchion
rCold   . . .        (no shield)
rNeg    . . .        (body armour unavailable)
rPois   .            (helmet restricted)
rElec   .            (no cloak)
rCorr   .            (no gloves)
SInv    .            d - +0 pair of boots
Will    .....        (no amulet) Stlth
                     f - ring of flight
HPRegen 0.31/turn    (no ring)
MPRegen 0.09/turn

%: no passive effects
@: berserking, flying, very quick
A: AC +5, unfitting armour, cold-blooded
a: Renounce Religion, Berserk, Trog's Hand


You were on level 3 of the Dungeon.
You worshipped Trog.
Trog was pleased with you.
You visited 1 branch of the dungeon, and saw 3 of its levels.

You collected 72 gold pieces.

Inventory:

Hand Weapons
 a - a +0 falchion (weapon)
Missiles
 g - 2 javelins (quivered)
Armour
 d - a +0 pair of boots (worn)
Jewellery
 f - a ring of flight (left hand)
Potions
 c - a potion of degeneration
 e - a potion of berserk rage
 h - a potion of haste
 i - a potion of enlightenment {unknown}


   Skills:
 + Level 4.3 Fighting
 + Level 4.8 Long Blades
 + Level 3.7 Dodging
 + Level 0.7 Stealth


You had 4 spell levels left.
You didn't know any spells.
Your spell library was empty.

Dungeon Overview and Level Annotations

Branches:
Dungeon (3/15)

Altars:

Shops:
D:2 ***=:


Innate Abilities, Weirdness & Mutations

Your plain brown scales are hard. (AC +5)
You cannot fit into any form of body armour.
You are cold-blooded and may be slowed by cold attacks.


Message History

You hear some strange, mumbled words.
A magic dart appears from out of thin air!
The magic dart hits you but does no damage.
The orc priest begins to cast a cantrip, but forgets the words!
Something hits you but does no damage.
The orc priest calls upon Beogh to heal the orc.
The orc is healed somewhat.
The orc priest looks braver for a moment.
A red film seems to cover your vision as you go berserk!
You feel yourself moving faster!
You feel mighty! The orc closely misses you.
Something hits you but does no damage.
You completely miss the orc.
The orc is lightly wounded.
The orc barely misses you. Something hits you but does no damage.
You barely miss the orc.
The orc is lightly wounded.
You hit the orc but do no damage.
The orc is lightly wounded.
You slash the orc!
You kill the orc!
Trog accepts your kill.
You hear some strange, mumbled words.
A puff of flame appears from out of thin air!
The puff of flame hits you.
* * * LOW HITPOINT WARNING * * *
You barely miss the orc priest. The orc priest barely misses you.
You hear some strange, mumbled words.
A magic dart appears from out of thin air!
The magic dart hits you.
* * * LOW HITPOINT WARNING * * *
You slash the orc priest! You tail-slap the orc priest!
You kill the orc priest!
Trog accepts your kill.
You barely miss something. Something barely misses you.
You slash the orc priest!
Your tail-slap misses the orc priest.
The orc priest is severely wounded.
Something hits you but does no damage.
The orc priest invokes the aid of Beogh against you.
Beogh smites you!
You die...

#.........# #..
#.........# #.#
#.........### #.##
#...........#####..
##...........+.....#
.............#####.#
#####..............###.##
....#.##......###{......#
###.#.....#....#@o#.###.#
...(#######..#..........
##.....#....##8..8######
##.###.#.####8.....#
##..........###..###
.....#.##>..# ....
#.#..#......###..##
#....#......# ....
##...#...†..#


You could see an orc priest.

Vanquished Creatures
  An ogre (D:2)
  An orc priest (D:3)
  An orc wizard (D:2)
  2 worms
  A dart slug (D:1)
  3 orcs
  7 ball pythons
  4 bats
  5 goblins
  4 hobgoblins
  11 jackals
  4 quokkas
  4 frilled lizards
  4 kobolds
  5 rats (D:1)
57 creatures vanquished.

Notes
Turn   | Place    | Note
-------+----------+-------------------------------------------
     0 | D:1      | Barriton the Draconian Berserker began the quest for the
                  | Orb.
     0 | D:1      | Reached XP level 1. HP: 19/19 MP: 1/1
    64 | D:1      | Reached XP level 2. HP: 26/26 MP: 2/2
   230 | D:1      | Reached XP level 3. HP: 30/33 MP: 3/3
   667 | D:2      | Found Utub's Assorted Antiques.
   710 | D:2      | Found Isiapak's General Store.
   735 | D:2      | Reached ** piety under Trog
   749 | D:2      | Noticed an ogre
   767 | D:2      | Reached XP level 4. HP: 23/40 MP: 4/4
   769 | D:2      | Killed an ogre
   770 | D:2      | Reached XP level 5. HP: 27/46 MP: 5/5
  1214 | D:2      | Found Ygoynyc's Assorted Antiques.
  1245 | D:2      | Found Qukor's Jewellery Boutique.
  1298 | D:2      | Found Qutomare's Book Boutique.
  1558 | D:3      | Killed from afar by an orc priest

Illustrated notes

Levels and vault maps discovered:
D:1:      eino_arrival_cavern_c, layout_rooms, serial_glass, glass_columns_b,
          glass_columns_b, glass_columns_a, glass_columns_b, glass_columns_c,
          glass_columns_c
D:2:      layout_loops_cross, serial_shops, nicolae_shop_tiny_glass,
          nicolae_shop_rolling_square, shop, nicolae_shop_back_alley_shop,
          nicolae_lakefront_shop, corner_web_ring,
          hangedman_abyss_or_decor_lesser_grid,
          nicolae_concentric_dashed_squares_wild
D:3:      layout_basic, mainiacjoe_overflow_alcove_2,
          nemelex_xobeh_ov_fountains_minmay, minitemple,
          shapermc_ecumenical_altar_mp_vishouse

Skill      XL: |  1  2  3 |
---------------+----------+-----
Dodging        | 3 |  3.7
Fighting       | 4 |  4.3
Long Blades    | 4 |  4.8
Stealth        | |  0.7

Action                     |  1- 3 |  4- 6 || total
---------------------------+-------+-------++-------
  Melee: Falchion          |   107 |    73 ||   180
         Tailslap          |     5 |     9 ||    14
         Punch             |       |     1 ||     1
 Invoke: Berserk           |     3 |     1 ||     4
    Use: Scroll            |     1 |     4 ||     5
   Stab: Sleeping          |       |     2 ||     2
 Armour: Skin              |    83 |    43 ||   126
  Dodge: Dodged            |    74 |    50 ||   124

Table legend: (Time is in decaauts)
 A = Elapsed time spent in this place.
 B = Non-inter-level travel time spent in this place.
 C = Inter-level travel time spent in this place.
 D = Time resting spent in this place.
 E = Time spent auto-exploring this place.
 F = Levels seen in this place.
 G = Mean time per level.
                   A        B        C        D        E       F      G
               +--------+--------+--------+--------+--------+-----+--------+
         Total |   1599 |   1565 |     34 |      0 |   1146 |   3 |  533.0 |
       Dungeon |   1599 |   1565 |     34 |      0 |   1146 |   3 |  533.0 |
               +--------+--------+--------+--------+--------+-----+--------+

Top non-repeatable levels by time:
     D:2: 834 daAuts
     D:1: 667 daAuts
     D:3: 97 daAuts
